 Dungeon Crawl Stone Soup version 0.29.0-13-gc9e81de378 (webtiles) character file.

Game seed: 3897967080307131409

2161 nicolae the Slicer (level 9, -11/54 HPs)
             Began as an Octopode Brigand on Sept 10, 2022.
             Was an Initiate of Gozag.
             Killed from afar by a steam dragon (13 damage)
             ... with a ball of steam
             ... on level 7 of the Dungeon.
             The game lasted 00:10:48 (6865 turns).

nicolae the Slicer (Octopode Brigand)               Turns: 6865, Time: 00:10:49

Health: -11/54     AC:  1    Str: 11    XL:     9   Next: 32%
Magic:  9/9        EV: 13    Int: 19    God:    Gozag
Gold:   546        SH:  5    Dex: 23    Spells: 4/8 levels left

rFire   . . .      SeeInvis .   b - +2 short sword (venom)
rCold   . . .      Faith    .   (no shield)
rNeg    . . .      Spirit   .   (helmet restricted)
rPois   .          Reflect  +   m - amulet of reflection
rElec   .          Harm     .   j - +6 ring of intelligence
rCorr   .          Rampage  .   p - +6 ring of dexterity
Will    .....                   s - ring of flight
Stlth   ++++......              (no ring)
HPRegen 0.18/turn               (no ring)
MPRegen 0.11/turn               (no ring)
                                (no ring)
                                (no ring)

@: flying
A: almost no armour, amphibious, 8 rings, camouflage 1, gelatinous body 1,
(nimble swimmer 1), tentacles
a: Renounce Religion, Potion Petition, Call Merchant, Bribe Branch


You were on level 7 of the Dungeon.
You worshipped Gozag.
Gozag was pleased with you.
You visited 1 branch of the dungeon, and saw 7 of its levels.

You collected 597 gold pieces.
You paid 51 gold pieces to Gozag.

Inventory:

Hand Weapons
 b - a +2 short sword of venom (weapon)
Missiles
 c - 3 curare-tipped darts
 l - 6 boomerangs
 n - 14 poisoned darts (quivered)
Jewellery
 j - a +6 ring of intelligence (left tentacle)
 m - an amulet of reflection (around mantle)
 o - a ring of ice
 p - a +6 ring of dexterity (right tentacle)
 s - a ring of flight (on tentacle)
Wands
 t - a wand of iceblast (6)
 v - a wand of quicksilver (2)
 B - a wand of flame (13)
Scrolls
 d - a scroll of teleportation
 h - a scroll of poison {unknown}
 i - a scroll of vulnerability
 x - a scroll of brand weapon {unknown}
 y - a scroll of amnesia
 C - a scroll of noise {unknown}
Potions
 e - a potion of magic
 f - 4 potions of curing
 g - 2 potions of brilliance
 k - a potion of resistance
 q - 2 potions of invisibility
 u - a potion of flight
 w - 2 potions of mutation
 z - a potion of lignification {unknown}
 A - a potion of heal wounds


   Skills:
 - Level 2.0 Fighting
 + Level 10.8 Short Blades
 - Level 6.0 Throwing
 - Level 1.0 Dodging
 - Level 5.3 Stealth


You had 4 spell levels left.
You knew the following spells:

 Your Spells              Type           Power      Damage    Failure   Level
a - Slow                  Hex            0%         N/A       21%         1
c - Mephitic Cloud        Conj/Pois/Air  0%         N/A       52%         3

Your spell library contained the following spells:

 Spells                   Type           Power      Damage    Failure   Level
 Apportation              Tloc           0%         N/A       21%         1
 Magic Dart               Conj           0%         1d3       21%         1
 Necrotise                Necr           0%         1d4       21%         1
 Summon Small Mammal      Summ           0%         N/A       21%         1
 Call Imp                 Summ           0%         N/A       30%         2
 Confusing Touch          Hex            0%         N/A       52%         3
 Vampiric Draining        Necr           0%         2d6       52%         3


Dungeon Overview and Level Annotations

Branches:
Dungeon (7/15)
 Temple: D:4-7

Altars:
Elyvilon
Gozag
Nemelex Xobeh

Annotations:
D:3 1 runed translucent door, Crazy Yiuf
D:7 1 runed translucent door


Innate Abilities, Weirdness & Mutations

You cannot wear most types of armour.
You are amphibious.
You can wear up to eight rings at the same time.
Your skin changes colour to match your surroundings (Stealth+).
Your rubbery body absorbs attacks. (AC +1, EV +1)
((You are camouflaged when in or above water. (Stealth+)))
You have tentacles for arms and can constrict up to eight enemies at once.


Message History

You barely miss the necrophage. You squeeze the necrophage!
The necrophage is heavily damaged.
You constrict the necrophage. The necrophage hits you.
You feel drained.
You puncture the necrophage!
The necrophage is almost destroyed.
You constrict the necrophage. You hit the necrophage.
The necrophage is almost destroyed.
You constrict the necrophage, but do no damage.
The necrophage closely misses you.
You puncture the necrophage!
You destroy the necrophage!
Your life force feels restored.
Found 7 gold pieces.
You now have 546 gold pieces (gained 3).
A steam dragon comes into view.
Things that are here:
6 gold pieces; a poisoned dart You see here a poisoned dart.
Found a stone staircase leading down.
The steam dragon bites you!
* * * LOW HITPOINT WARNING * * *
The steam dragon barely misses you.
You hit the steam dragon. You squeeze the steam dragon.
The steam dragon is moderately wounded.
The steam dragon closely misses you. x2
You hit the steam dragon but do no damage.
The steam dragon is poisoned.
The steam dragon is moderately wounded.
The steam dragon breathes steam at you. The ball of steam hits you!
* * * LOW HITPOINT WARNING * * *
You barely miss the steam dragon.
The steam dragon is moderately wounded.
You are engulfed in a cloud of scalding steam.
* * * LOW HITPOINT WARNING * * *
The steam dragon breathes steam at you. The ball of steam hits you!
You die...
Your body crumbles into a pile of gold.

#. #.# . #. #.# .
####. #.# #. ....
#.# #.##...##
#.##### #..#.#..#
#.....#
#....##§###.(...#
#####.#D§§§...(....#
.......@.§#...$....#
.#####..###.#...)..#
#..># #.##.....#
#.#.# #.##..#### .
#.#...#.##..# ..
#.###.......# #....
# #......#..####....
#.##..##.......... #
##(##.#..###...


You could see a steam dragon (very poisoned, catching breath).

Vanquished Creatures
  Grinder (D:3)
  Sigmund (D:3)
  A wyvern (D:7)
  Eustachio (D:5)
  Menkaure (D:7)
  A water moccasin (D:7)
  An ice beast (D:5)
  A bullfrog (D:6)
  4 necrophages
  5 scorpions
  A jelly (D:4)
  2 orc priests
  5 hounds
  Jessica (D:2)
  Natasha (twice) (D:2)
  2 orc wizards
  4 gnolls (D:6)
  13 adders
  2 worms
  2 dart slugs
  15 orcs
  9 endoplasms
  4 giant cockroaches
  8 goblins
  3 hobgoblins
  4 jackals
  7 kobolds
  2 quokkas (D:4)
  3 ball pythons
  12 bats
  3 frilled lizards
  2 rats
123 creatures vanquished.

Vanquished Creatures (others)
  2 fungi (D:6)
  4 plants (D:6)
6 creatures vanquished.

Grand Total: 129 creatures vanquished

Notes
Turn   | Place    | Note
-------+----------+-------------------------------------------
     0 | D:1      | nicolae the Octopode Brigand began the quest for the Orb.
     0 | D:1      | Reached XP level 1. HP: 14/14 MP: 1/1
    85 | D:1      | Found a faded altar of an unknown god.
   185 | D:1      | Reached XP level 2. HP: 19/19 MP: 2/2
   500 | D:1      | Learned a level 1 spell: Slow
   606 | D:2      | Noticed Jessica
   615 | D:2      | Killed Jessica
   616 | D:2      | Reached skill level 3 in Short Blades
   616 | D:2      | Reached XP level 3. HP: 12/24 MP: 3/3
   786 | D:2      | Noticed Natasha
   797 | D:2      | Killed Natasha
   798 | D:2      | Reached XP level 4. HP: 6/29 MP: 4/4
   987 | D:2      | Noticed Natasha
   995 | D:2      | Killed Natasha
  1122 | D:2      | Found a sparkling altar of Nemelex Xobeh.
  1161 | D:2      | Reached XP level 5. HP: 34/34 MP: 5/5
  1770 | D:3      | Reached skill level 4 in Short Blades
  1844 | D:3      | Noticed Sigmund
  1854 | D:3      | Killed Sigmund
  1855 | D:3      | Reached XP level 6. HP: 26/39 MP: 6/6
  2185 | D:3      | Noticed Grinder
  2195 | D:3      | Killed Grinder
  2196 | D:3      | Reached skill level 5 in Short Blades
  2196 | D:3      | Reached skill level 5 in Throwing
  2196 | D:3      | Reached XP level 7. HP: 30/45 MP: 7/7
  2663 | D:3      | Found a runed translucent door.
  2664 | D:3      | Noticed Crazy Yiuf
  2886 | D:4      | Reached skill level 6 in Short Blades
  3167 | D:4      | Learned a level 1 spell: Magic Dart
  3255 | D:4      | Found an opulent altar of Gozag.
  3667 | D:4      | Became a worshipper of Gozag Ym Sagoz the Greedy
  3689 | D:5      | Entered Level 5 of the Dungeon
  3934 | D:5      | Reached XP level 8. HP: 50/50 MP: 8/8
  3940 | D:5      | Reached skill level 7 in Short Blades
  4008 | D:5      | Noticed Eustachio
  4026 | D:5      | Killed Eustachio
  4128 | D:5      | Reached skill level 8 in Short Blades
  4482 | D:5      | Found a sparkling altar of Nemelex Xobeh.
  4833 | D:6      | Learned a level 3 spell: Mephitic Cloud
  4916 | D:6      | Found a white marble altar of Elyvilon.
  5389 | D:6      | Reached skill level 9 in Short Blades
  5621 | D:6      | Identified the +2 pair of gloves "Vat Ceh" {*Slow rCorr
                  | Int+2}
  6273 | D:6      | Reached XP level 9. HP: 54/54 MP: 9/9
  6290 | D:6      | Reached skill level 10 in Short Blades
  6623 | D:7      | Found a large runed translucent door.
  6812 | D:7      | Noticed Menkaure
  6836 | D:7      | Killed Menkaure
  6864 | D:7      | HP: 2/54 [steam dragon] (3)]
  6865 | D:7      | Killed from afar by a steam dragon

Illustrated notes

Levels and vault maps discovered:
D:1:      heliophobic_arrival_enchanted_forest, layout_rooms,
          hellmonk_ecumenical_altar_heavens_door
D:2:      layout_loops_ring, basic_altar, corexii_hall_statues_l, uniq_jessica,
          uniq_natasha
D:3:      layout_rooms, grunt_ministairs_3, uniq_crazy_yiuf_cottage,
          uniq_sigmund, uniq_grinder
D:4:      layout_basic, mainiacjoe_overflow_alcove_4
D:5:      layout_gridville, nemelex_spade_bored_becter, uniq_eustachio
D:6:      old_forge, layout_rooms, mainiacjoe_overflow_small_starburst,
          serial_corexii_hall, corexii_hall_statues_i, corexii_hall_statues_i,
          chequers_serial_rivers_large_b
D:7:      layout_rooms, minmay_temple_entry_grid, minmay_hollow_rounded_squares,
          uniq_menkaure, uniq_duvessa

Skill      XL: |  1  2  3  4  5  6  7  8  9 |
---------------+----------------------------+-----
Short Blades   | 3 4 5 6 9 10 | 10.8
Throwing       | 3 4 5 6 |  6.0
Fighting       | |  2.0
Dodging        | |  1.0
Stealth        | |  5.3

Action                   |  1- 3 |  4- 6 |  7- 9 || total
-------------------------+-------+-------+-------++-------
Melee: Dagger            |    35 |       |       ||    35
       Constrict         |     8 |    11 |    47 ||    66
       Tentacles         |     4 |     7 |    45 ||    56
       Short sword       |       |    55 |   177 ||   232
       Punch             |       |     3 |     5 ||     8
Throw: Dart              |     3 |       |    15 ||    18
Evoke: Wand              |       |       |     2 ||     2
  Use: Potion            |       |     1 |     2 ||     3
       Scroll            |       |     6 |     9 ||    15
 Stab: Sleeping          |     5 |    14 |    12 ||    31
       Distracted        |       |       |     1 ||     1
Armor: Skin              |     1 |     2 |    14 ||    17
Dodge: Dodged            |    14 |    15 |    59 ||    88
Block: Other             |       |     1 |    22 ||    23
